 Dungeon Crawl Stone Soup version 0.29.0-4-gdea44cf6ec (webtiles) character file.

Game seed: 1757266370559165366

6 qw the Sneak (level 1, -7/14 HPs)
             Began as a Gargoyle Delver on Sept 10, 2022.
             Mangled by Duvessa
             ... wielding a +0 short sword
              (9 damage)
             ... on level 5 of the Dungeon.
             The game lasted 00:00:06 (426 turns).

qw the Sneak (Gargoyle Delver)                       Turns: 426, Time: 00:00:07

Health: -7/14      AC:  5    Str: 15    XL:     1   Next: 90%
Magic:  1/1        EV: 11    Int: 10    God:
Gold:   18         SH:  0    Dex: 11    Spells: 0/0 levels left

rFire   . . .      SeeInvis .   a - +0 hand axe
rCold   . . .      Faith    .   (no shield)
rNeg    + . .      Spirit   .   b - +0 leather armour
rPois   inf        Reflect  .   (no helmet)
rElec   +          Harm     .   (no cloak)
rCorr   .          Rampage  .   (no gloves)
Will    .....                   (no boots)
Stlth   +++.......              (no amulet)
HPRegen 0.04/turn               (no ring)
MPRegen 0.07/turn               (no ring)

@: no status effects
A: sickness immunity, AC +2, negative energy resistance 1, electricity
resistance, torment resistance 1, petrification resistance
a: no special abilities


You were on level 5 of the Dungeon.
You visited 1 branch of the dungeon, and saw 1 of its levels.

You collected 18 gold pieces.


Innate Abilities, Weirdness & Mutations

You are immune to sickness and miasma.
Your stone body is resilient. (AC +2)
You are immune to poison.
You resist negative energy. (rN+)
You are resistant to electric shocks. (rElec)
You are resistant to unholy torment.
You are immune to petrification.


   Skills:
 - Level 3.2 Fighting
 + Level 2.3 Axes
 - Level 1.5 Dodging
 - Level 5.4 Stealth


You couldn't memorise any spells.
You didn't know any spells.
Your spell library was empty.

Inventory:

Hand Weapons
 a - a +0 hand axe (weapon)
 h - a +0 club
Armour
 b - a +0 leather armour (worn)
 i - the +0 scale mail of Objectivity {rF++}
   (You found it on level 5 of the Dungeon)

   rF:        It greatly protects you from fire.
Wands
 g - a wand of digging (3)
Scrolls
 c - a scroll of fog
 d - a scroll of magic mapping
 e - a scroll of fear
Potions
 f - a potion of haste

Dungeon Overview and Level Annotations

Branches:
Dungeon (5/15)
 Temple: D:4-7

Altars:

Annotations:
D:5 Dowan, Duvessa


Message History

You see here 13 gold pieces.
The orc shouts!
Found a dark potion.
The orc closely misses you.
You see here the +0 scale mail of Objectivity {rF++}.
You hit the orc.
The orc is severely wounded.
The orc hits you with a +0 hand axe.
You hit the orc but do no damage.
The orc is heavily wounded.
The orc hits you but does no damage.
You hit the orc.
The orc is almost dead.
The orc hits you but does no damage.
You hit the orc.
You kill the orc!
You start resting.
HP restored.
i - the +0 scale mail of Objectivity {rF++} You now have 13 gold pieces.
You now have 18 gold pieces (gained 5).
Duvessa, Sister of Dowan comes into view.
She is wielding a +0 short sword and carrying a wand of flame (11).
Found a glowing cyan potion.
Dowan, Brother of Duvessa comes into view.
He is wielding a +0 dagger and carrying a wand of polymorph (10).
Dowan shouts!
Dowan gestures at Duvessa while chanting.
Duvessa shouts!
Duvessa seems to speed up.
Duvessa closely misses you.
You hit Duvessa but do no damage.
Duvessa zaps a wand.
The puff of flame hits you.
Duvessa zaps a wand.
The puff of flame hits you but does no damage.
Dowan casts a spell.
Dowan blinks!
You barely miss Duvessa.
Duvessa zaps a wand.
The puff of flame hits you!
Ouch! That really hurt!
Duvessa hits you with a +0 short sword!
Ouch! That really hurt!
You die...

##...........#
......#......#####
.....###.........#
.####.#..#.#####.# .##
##.#.#.# #.# ..#
#.#.#.# #.#
%)####.#.#.# #.#
....##.#.#.# #.##
.........#.## #@.#
................e...#
..###>.###.######ยค.##
### #..# !.# #..# ..#
#..# ..# #..# ..# #(.#
.e# #..#


You could see Duvessa (fast) and Dowan.

Vanquished Creatures
  3 orcs (D:5)
3 creatures vanquished.

Notes
Turn   | Place    | Note
-------+----------+-------------------------------------------
     0 | D:5      | qw the Gargoyle Delver began the quest for the Orb.
     0 | D:5      | Reached XP level 1. HP: 14/14 MP: 1/1
     0 | D:5      | 0 ||| qw: Version: 0.1-a-116-g5d60599
     0 | D:5      | 0 ||| qw: Game counter: 8263
     0 | D:5      | 0 ||| qw: Always use a shield: true
     0 | D:5      | 0 ||| qw: God list: Okawaru
     0 | D:5      | 0 ||| qw: Allow faded altars: false
     0 | D:5      | 0 ||| qw: Do Orc after D:15 true
     0 | D:5      | 0 ||| qw: Do second Lair branch before Depths: true
     0 | D:5      | 0 ||| qw: Lair rune preference: random
     0 | D:5      | 0 ||| qw: Plans: Normal
     0 | D:5      | 0 ||| PLANNING D:1-11
   265 | D:5      | Identified the +0 scale mail of Objectivity {rF++}
   420 | D:5      | Noticed Duvessa
   421 | D:5      | Noticed Dowan
   426 | D:5      | HP: 2/14 [Duvessa/puff of flame (10)]
   426 | D:5      | Mangled by Duvessa

Levels and vault maps discovered:
D:5:      layout_loops_ring, lemuel_round_altar, uniq_crazy_yiuf_cottage,
          uniq_duvessa, uniq_blork_the_orc

Skill      XL: |  1 |
---------------+----+-----
Axes           | 2 |  2.3
Fighting       | |  3.2
Dodging        | |  1.5
Stealth        | |  5.4

Action                   || total
-------------------------++-------
Melee: Hand axe          ||    17
Armor: Leather armour    ||     6
Dodge: Dodged            ||     6

Table legend:
 A = Non-vault XP
 B = Vault XP
 C = Vault XP percentage of total XP
 D = Non-vault monster count
 E = Vault monster count
 F = Vault count percentage of total count
                 A         B        C        D         E       F
            +---------+---------+-------+---------+---------+-------
      Total |       9 |       0 |   0.0 |       3 |       0 |   0.0
            +---------+---------+-------+---------+---------+-------
        D:5 |       9 |       0 |   0.0 |       3 |       0 |   0.0
            +---------+---------+-------+---------+---------+-------
